 Dungeon Crawl Stone Soup version 0.28.0-53-g5a82cb258f (webtiles) character file.

Game seed: 6351811467375421302

109 issech the Chopper (level 4, -3/40 HPs)
             Began as a Minotaur Monk on June 24, 2022.
             Killed from afar by an orc wizard (8 damage)
             ... with a puff of flame
             ... on level 3 of the Dungeon.
             The game lasted 00:05:29 (2447 turns).

issech the Chopper (Minotaur Monk)                  Turns: 2447, Time: 00:05:30

Health: -3/40      AC:  5    Str: 15    XL:     4   Next: 60%
Magic:  3/3        EV: 15    Int:  7    God:
Gold:   103        SH:  3    Dex: 15    Spells: 3/3 levels left

rFire   . . .      SeeInvis .   a - +0 hand axe
rCold   . . .      Faith    .   c - +0 buckler
rNeg    . . .      Spirit   .   o - +0 ring mail
rPois   .          Reflect  .   (helmet restricted)
rElec   .          Harm     .   (no cloak)
rCorr   .          Rampage  .   (no gloves)
Will    .....                   (no boots)
Stlth   +.........              t - amulet of the acrobat
HPRegen 0.13/turn               n - +4 ring of evasion
MPRegen 0.08/turn               (no ring)

@: no status effects
A: horns 2, retaliatory headbutt
a: no special abilities


You were on level 3 of the Dungeon.
You visited 1 branch of the dungeon, and saw 3 of its levels.

You collected 103 gold pieces.

Inventory:

Hand Weapons
 a - a +0 hand axe (weapon)
 l - a +0 hunting sling
Missiles
 b - 23 arrows
 g - 41 sling bullets
 h - 43 stones (quivered)
 j - 10 bolts
Armour
 c - a +0 buckler (worn)
 o - a +0 ring mail (worn)
Jewellery
 n - a +4 ring of evasion (left hand)
 t - an amulet of the acrobat (around neck)
Scrolls
 e - 3 scrolls of enchant weapon {unknown}
 f - 3 scrolls of identify {unknown}
 i - a scroll of magic mapping {unknown}
 m - a scroll of enchant armour {unknown}
 q - a scroll of noise {unknown}
 r - a scroll of immolation {unknown}
Potions
 d - a potion of flight {unknown}
 k - 3 potions of curing {unknown}
 p - a potion of berserk rage {unknown}
 s - a potion of cancellation {unknown}


   Skills:
 + Level 4.1 Fighting
 + Level 4.8 Axes
 + Level 1.2 Throwing
 + Level 0.4 Armour
 + Level 4.2 Dodging
 + Level 1.8 Stealth
 + Level 0.3 Shields


You had 3 spell levels left.
You didn't know any spells.
Your spell library was empty.

Dungeon Overview and Level Annotations

Branches:
Dungeon (3/15)

Altars:


Innate Abilities, Weirdness & Mutations

You have a pair of horns on your head.
You reflexively headbutt those who attack you in melee.


Message History

The ball python barely misses you.
You barely miss the ball python. You closely miss something.
The ball python misses you. The ball python grabs you.
The ball python constricts you. Something hits you.
You slash the ball python!
You kill the ball python!
You closely miss something. Something hits you.
You hit something but do no damage. Something hits you but does no damage.
You block something's attack.
You hear some strange, mumbled words.
Something tries to affect you, but you resist.
You hear some strange, mumbled words.
Something tries to affect you, but you resist.
You hear some strange, mumbled words.
A puff of flame appears from out of thin air!
The puff of flame misses you.
You miss something. Your headbutt misses something.
You hear some strange, mumbled words.
Something tries to affect you, but you resist.
You barely miss something. Your headbutt misses something.
You hear some strange, mumbled words.
A puff of flame appears from out of thin air!
The puff of flame hits you.
You miss something. Your headbutt misses something.
Something completely misses you.
You completely miss something. Your headbutt misses something.
You hear some strange, mumbled words.
A puff of flame appears from out of thin air!
The puff of flame hits you!
You completely miss something. Something hits you.
* * * LOW HITPOINT WARNING * * *
You hear some strange, mumbled words.
A puff of flame appears from out of thin air!
The puff of flame hits you.
* * * LOW HITPOINT WARNING * * *
You completely miss something. Your headbutt misses something.
You hear some strange, mumbled words.
A puff of flame appears from out of thin air!
The puff of flame hits you!
You die...

#.# #.#.# #.#
#.#.# #.#
#.#.# ...
#.#.# ...
#.#.# .#.
...##.#.####
#.........###
.#.#
####.##.....#
.#.# #.
#@{...#####
.#.# #
#.........#
.#.#
#.)...###.#
.#.# #.....#
.#.# ###)###
.#.#####.##
#.#
...........
...
...........
...#
...########
###..


There were no monsters in sight!

Vanquished Creatures
  A hound (D:3)
  2 adders (D:2)
  3 worms (D:2)
  A dart slug (D:1)
  2 orcs (D:3)
  3 bats
  2 endoplasms
  3 giant cockroaches (D:1)
  8 goblins
  6 hobgoblins
  5 kobolds
  4 ball pythons
  5 frilled lizards
  4 rats
49 creatures vanquished.

Notes
Turn   | Place    | Note
-------+----------+-------------------------------------------
     0 | D:1      | issech the Minotaur Monk began the quest for the Orb.
     0 | D:1      | Reached XP level 1. HP: 19/19 MP: 0/0
   419 | D:1      | Reached XP level 2. HP: 27/27 MP: 1/1
  1290 | D:2      | Reached XP level 3. HP: 21/33 MP: 2/2
  1407 | D:2      | Found a faded altar of an unknown god.
  1734 | D:2      | Reached skill level 1 in Throwing
  1817 | D:2      | Reached XP level 4. HP: 36/40 MP: 3/3
  2447 | D:3      | Killed from afar by an orc wizard

Illustrated notes

Levels and vault maps discovered:
D:1:      lightli_arrival_statue_moat, layout_basic
D:2:      layout_basic, nicolae_ecumenical_snake_handling, minmay_tetromino_o2
D:3:      layout_loops_ring

Skill      XL: |  1  2  3 |
---------------+----------+-----
Axes           | 4 |  4.8
Fighting       | 4 |  4.1
Dodging        | 4 |  4.2
Throwing       | 1 |  1.2
Armour         | |  0.4
Stealth        | |  1.8
Shields        | |  0.3

Action                   |  1- 3 |  4- 6 || total
-------------------------+-------+-------++-------
Melee: Hand axe          |    84 |    31 ||   115
       Headbutt          |    15 |     2 ||    17
Throw: Stone             |    13 |       ||    13
 Stab: Sleeping          |     2 |     1 ||     3
Armor: Robe              |     9 |       ||     9
       Ring mail         |     6 |     4 ||    10
Dodge: Dodged            |    56 |    31 ||    87
Block: Buckler           |    12 |     7 ||    19
